 Dungeon Crawl Stone Soup version 0.28-a0-730-g892d06dc2c (webtiles) character file.

Game seed: 7127011380139539124

7883 ytrimaz the Cleaver (level 11, -4/80 (89) HPs)
             Began as a Demonspawn Gladiator on Oct 28, 2021.
             Was a Believer of Makhleb.
             Slain by a spectral orc knight (8 damage)
             ... summoned by Nergalle
             ... on level 10 of the Dungeon.
             The game lasted 00:12:05 (10432 turns).

ytrimaz the Cleaver (Demonspawn Gladiator)         Turns: 10432, Time: 00:12:06

HP:   -4/80 (89)    AC: 23    Str: 13 (16) XL:     11   Next: 2%
MP:   16/16         EV:  5    Int:  8 (10) God:    Makhleb [**....]
Gold: 1028          SH:  0    Dex: 12 (14) Spells: 8/10 levels left

rFire   + + .      SeeInvis .   E - +5 long sword "Oxteab" {freeze, rF+ rN+}
rCold   + . .      Faith    .   (no shield)
rNeg    + . .      Spirit   .   l - +0 plate armour
rPois   .          Reflect  .   c - +2 helmet
rElec   +          Harm     .   (no cloak)
rCorr   +          Rampage  .   f - +2 pair of gloves of Absolutism {rElec rC+ rCorr}
Will    .....                   (no boots)
Stlth   ..........              (no amulet)
HPRegen 0.23/turn               r - ring of flight
MPRegen 0.15/turn               v - ring of protection from fire

@: mighty, flying, hasted, heavily drained, very quick
A: thin metallic scales 1, spiny 1, demonic magic 2, robust 1, weak 1, subdued
magic 1
a: Renounce Religion, Minor Destruction


You were on level 10 of the Dungeon.
You worshipped Makhleb.
Makhleb was pleased with you.
You visited 2 branches of the dungeon, and saw 11 of its levels.

You collected 1452 gold pieces.
You spent 424 gold pieces at shops.

Inventory:

Hand Weapons
 a - a +1 war axe
 E - the +5 long sword "Oxteab" (weapon) {freeze, rF+ rN+}
   (You bought it in a shop on level 9 of the Dungeon)

   It freezes those it strikes, dealing additional cold damage.
   It can also slow down cold-blooded creatures.
   rF:        It protects you from fire.
   rN:        It protects you from negative energy.
Missiles
 d - 4 throwing nets (quivered)
Armour
 c - a +2 helmet (worn)
 f - the +2 pair of gloves of Absolutism (worn) {rElec rC+ rCorr}
   (You acquired it on level 1 of the Dungeon)

   rC:        It protects you from cold.
   rElec:     It insulates you from electricity.
   rCorr:     It protects you from acid and corrosion.
 l - a +0 plate armour (worn)
Jewellery
 r - a ring of flight (left hand)
 v - a ring of protection from fire (right hand)
 w - a ring of magical power
Wands
 i - a wand of paralysis (5)
 u - a wand of acid (12)
 x - a wand of flame (35)
 y - a wand of polymorph (3)
 B - a wand of iceblast (14)
Scrolls
 e - 9 scrolls of teleportation
 g - a scroll of vulnerability
 h - a scroll of silence
 j - a scroll of amnesia
 p - a scroll of magic mapping
 s - a scroll of fog
 z - a scroll of blinking
 A - 2 scrolls of enchant armour
 C - 2 scrolls of identify
 F - a scroll of torment {unknown}
Potions
 k - 3 potions of ambrosia
 n - 2 potions of attraction
 q - a potion of haste
 t - 2 potions of cancellation


   Skills:
 + Level 6.0 Fighting
 * Level 2.8 Long Blades
 - Level 9.9 Axes
 - Level 1.7 Throwing
 * Level 9.2 Armour
 - Level 3.7 Dodging
 * Level 7.4 Invocations


You had 8 spell levels left.
You knew the following spells:

 Your Spells              Type           Power      Damage    Failure   Level
a - Wereblood             Tmut           0%         N/A       100%        2

Your spell library contained the following spells:

 Spells                   Type           Power      Damage    Failure   Level
 Magic Dart               Conj           0%         1d3       100%        1
 Shock                    Conj/Air       0%         1d3       100%        1
 Call Imp                 Summ           0%         N/A       100%        2
 Sublimation of Blood     Necr           0%         N/A       100%        2
 Dazzling Flash           Conj/Hex       0%         N/A       100%        3
 Gell's Gravitas          Tloc           0%         N/A       100%        3
 Lesser Beckoning         Tloc           0%         N/A       100%        3
 Mephitic Cloud           Conj/Pois/Air  0%         N/A       100%        3
 Ozocubu's Armour         Ice            0%         N/A       100%        3
 Stone Arrow              Conj/Erth      0%         3d7       100%        3
 Swiftness                Air            0%         N/A       100%        3
 Teleport Other           Tloc           0%         N/A       100%        3
 Airstrike                Air            0%         N/A       100%        4
 Animate Armour           Summ/Erth      0%         N/A       100%        4
 Summon Ice Beast         Ice/Summ       0%         N/A       100%        4
 Agony                    Necr           0%         N/A       100%        5
 Silence                  Hex/Air        0%         N/A       100%        5
 Summon Hydra             Summ           0%         N/A       100%        7
 Lehudib's Crystal Spear  Conj/Erth      0%         10d2      100%        8


Dungeon Overview and Level Annotations

Branches:
Dungeon (10/15)            Temple (1/1) D:5             Orc (0/2) D:9
   Lair: D:8-11

Altars:
Ashenzari
Cheibriados
Dithmenos
Elyvilon
Fedhas
Gozag
Hepliaklqana
Kikubaaqudgha
Makhleb
Nemelex Xobeh
Okawaru
Qazlal
Ru
Sif Muna
Trog
Uskayaw
Vehumet
Wu Jian
Xom
Yredelemnul
Zin
The Shining One

Shops:
D:5 :   D:7 (   D:9 (

Annotations:
D:10 Nergalle


Innate Abilities, Weirdness & Mutations

You are partially covered in thin metallic scales. (AC +2)
You are partially covered in sharp spines.
Spells you cast may paralyse nearby enemies.
You are robust. (+10% HP)
You are weak. (Str -2)
Your spells are a little easier to cast, but a little less powerful.


Message History

Nergalle casts a spell at you. The bolt of negative energy hits you!
You partially resist.
You feel drained.
* * * LOW HITPOINT WARNING * * *
The bolt of negative energy hits the spectral orc knight.
The spectral orc knight completely resists.
The bolt of negative energy hits the spectral orc warrior.
The spectral orc warrior completely resists.
Unknown command.
You feel better.
The spectral orc warrior barely misses you.
The spectral orc knight hits you but does no damage.
Nergalle hits you but does no damage.
You closely miss Nergalle.
Nergalle is severely wounded.
The spectral orc warrior hits you but does no damage.
The spectral orc knight closely misses you.
The spectral orc warrior hits you from afar with a +0 trident.
* * * LOW HITPOINT WARNING * * *
You partially resist.
You feel drained. Nergalle hits you but does no damage.
It was a potion of flight.
You feel more buoyant.
The spectral orc warrior barely misses you.
It was a potion of degeneration.
There was something very wrong with that liquid.
You feel weakened.
You feel dopey.
You feel clumsy.
The spectral orc knight hits you but does no damage.
Nergalle gestures at you while chanting.
The bolt of negative energy misses you.
The bolt of negative energy hits the spectral orc knight.
The spectral orc knight completely resists.
The bolt of negative energy hits the spectral orc warrior.
The spectral orc warrior completely resists.
The spectral orc warrior hits you but does no damage.
It was a potion of might.
You feel very mighty all of a sudden.
The spectral orc warrior hits you from afar with a +0 trident.
* * * LOW HITPOINT WARNING * * *
You partially resist.
You feel drained.
The spectral orc knight hits you with a +0 battleaxe!
You die... ####. ...... .....P#### .P.......### .P..P.P....# .P.......#.# ...P.....Z###### #P.P..ZZo@ZZ#

#......####Z#
#....P## #.#
##..?..# #.#
.PP.....#####.#
........#..†...#
..P.P...P#.######
...PP...##.#
......####.#


You could see Nergalle, a spectral orc (summoned), 4 spectral orc warriors and a
spectral orc knight (summoned).

Vanquished Creatures
  An ugly thing (D:7)
  3 centaur zombies
  A troll (D:9)
  A wyvern (D:9)
  A shadow (D:10)
  9 yaks
  3 steam dragons
  A water moccasin (D:5)
  5 orc warriors
  4 sky beasts
  An ice beast (D:8)
  5 black bears
  2 centaurs
  3 necrophages (D:7)
  2 ogres
  4 phantoms
  2 kobold brigands
  A gnoll sergeant (D:8)
  6 bullfrogs
  2 scorpions
  A water moccasin zombie (D:4)
  A wyvern skeleton (D:5)
  5 wights (D:6)
  A bullfrog zombie (D:6)
  2 jellies (D:6)
  7 hounds
  3 orc priests
  2 centaur skeletons
  Jessica (D:2)
  An iguana (D:6)
  7 orc wizards
  2 howler monkey zombies (D:8)
  7 gnolls
  3 adders
  A howler monkey skeleton (D:4)
  2 white imps
  An adder skeleton (D:4)
  3 worms
  A dart slug (D:4)
  17 orcs
  7 endoplasms
  3 giant cockroaches
  8 hobgoblins
  20 kobolds
  4 quokkas
  3 training dummies (D:7)
  6 ball pythons
  2 bats (D:2)
  A frilled lizard (D:1)
  10 goblins
  3 rats
192 creatures vanquished.

Vanquished Creatures (others)
  7 fungi (D:10)
  5 plants (D:10)
12 creatures vanquished.

Grand Total: 204 creatures vanquished

Notes
Turn   | Place    | Note
-------+----------+-------------------------------------------
     0 | D:1      | ytrimaz the Demonspawn Gladiator began the quest for the
                  | Orb.
     0 | D:1      | Reached XP level 1. HP: 16/16 MP: 1/1
   181 | D:1      | Identified a scroll of acquirement
   181 | D:1      | Acquired the +2 pair of gloves of Absolutism {rElec rC+
                  | rCorr}
   476 | D:1      | Gained mutation: You are partially covered in sharp spines.
                  | [demonic ancestry]
   476 | D:1      | Reached XP level 2. HP: 22/22 MP: 2/2
   809 | D:2      | Reached skill level 1 in Armour
   893 | D:2      | Gained mutation: Spells you cast may paralyse adjacent
                  | enemies. [demonic ancestry]
   893 | D:2      | Reached XP level 3. HP: 27/27 MP: 3/3
   941 | D:2      | Noticed Jessica
   949 | D:2      | Killed Jessica
  1234 | D:2      | Found a faded altar of an unknown god.
  1268 | D:3      | Gained mutation: You are partially covered in thin metallic
                  | scales. (AC +2) [demonic ancestry]
  1268 | D:3      | Reached XP level 4. HP: 34/34 MP: 4/4
  1945 | D:3      | Noticed a sky beast
  1957 | D:3      | Killed a sky beast
  1958 | D:3      | Reached XP level 5. HP: 24/39 MP: 5/5
  2330 | D:3      | Gained mutation: Spells you cast may paralyse nearby
                  | enemies. [demonic ancestry]
  2330 | D:3      | Reached XP level 6. HP: 21/46 MP: 6/6
  3138 | D:4      | Acquired 1005 gold pieces
  3229 | D:4      | Reached skill level 5 in Axes
  3561 | D:5      | Entered Level 5 of the Dungeon
  3561 | D:5      | Found Raofiepu's Book Boutique.
  3568 | D:5      | Reached XP level 7. HP: 52/52 MP: 7/7
  3571 | D:5      | Bought a book of Blood for 280 gold pieces
  3576 | D:5      | Got Xualon's Incunabulum of Feathers and Cold
  3583 | D:5      | Learned a level 2 spell: Wereblood
  3982 | D:5      | Reached XP level 8. HP: 57/58 MP: 8/8
  4077 | D:5      | Found a staircase to the Ecumenical Temple.
  4155 | D:5      | Reached skill level 5 in Armour
  4379 | Temple   | Entered the Ecumenical Temple
  4626 | Temple   | Became a worshipper of Makhleb the Destroyer
  4709 | D:6      | Found a bloodstained altar of Trog.
  4717 | D:6      | Reached skill level 1 in Invocations
  5593 | D:6      | Reached XP level 9. HP: 55/65 MP: 11/11
  6888 | D:7      | Reached * piety under Makhleb
  7025 | D:7      | Reached skill level 5 in Invocations
  7044 | D:7      | Found Tuisum's Firing Range.
  7155 | D:7      | Noticed a green ugly thing
  7175 | D:7      | Killed a green ugly thing
  7281 | D:7      | Reached skill level 5 in Fighting
  7796 | D:7      | Reached XP level 10. HP: 62/74 MP: 14/14
  8103 | D:7      | Gained mutation: You are weak. (Str -2) [potion of
                  | mutation]
  8103 | D:7      | Gained mutation: Your spells are a little easier to cast,
                  | but a little less powerful. [potion of mutation]
  8103 | D:7      | Gained mutation: You are robust. (+10% HP) [potion of
                  | mutation]
  8610 | D:8      | Found a broken altar of Ashenzari.
  9394 | D:9      | Found a staircase to the Orcish Mines.
  9412 | D:9      | Found a radiant altar of Vehumet.
  9433 | D:9      | Found an ancient bone altar of Kikubaaqudgha.
  9433 | D:9      | Found a shimmering altar of Xom.
  9435 | D:9      | Found a basalt altar of Yredelemnul.
  9435 | D:9      | Found an iron altar of Okawaru.
  9435 | D:9      | Found an opulent altar of Gozag.
  9436 | D:9      | Found a sparkling altar of Nemelex Xobeh.
  9645 | D:9      | Found a sacrificial altar of Ru.
  9738 | D:9      | Reached ** piety under Makhleb
  9822 | D:9      | Found Qaaz's Antique Weapon Shoppe.
  9831 | D:9      | Bought a brightly glowing long sword for 144 gold pieces
  9831 | D:9      | Identified the +5 long sword "Oxteab" {freeze, rF+ rN+}
                  | (You bought it in a shop on level 9 of the Dungeon)
  9990 | D:9      | Found an ornate altar of the Wu Jian Council.
 10298 | D:10     | Entered Level 10 of the Dungeon
 10309 | D:10     | Reached skill level 1 in Long Blades
 10393 | D:10     | Noticed Nergalle
 10415 | D:10     | Reached XP level 11. HP: 45/88 MP: 16/16
 10427 | D:10     | HP: 4/83 [Nergalle/bolt of negative energy (16)]
 10432 | D:10     | HP: 4/82 [spectral orc warrior[Nergalle] (3)]
 10432 | D:10     | Slain by a spectral orc knight

Illustrated notes

Levels and vault maps discovered:
D:1:      mushboom_english_gardens, layout_loops_ring, serial_bayou_pond_d
D:2:      layout_rooms, ebering_ecumenical_altar_box, serial_bayou_pond_d,
          uniq_jessica
D:3:      corexii_shack_village, layout_basic, minmay_bisected
D:4:      layout_rooms
D:5:      layout_loops_ring, minmay_temple_entry_metal_lava,
          nicolae_stop_n_shop_1
D:6:      layout_layer_cave, trog_ov_bears_minmay, abandoned_shop,
          grunt_ministairs_10
D:7:      layout_basic, nicolae_shop_firing_range
D:8:      layout_loops_cross, mainiacjoe_overflow_concentric_impassable,
          grunt_decor_arrowhead
D:9:      layout_loops_ring, nicolae_vehumet_radiance,
          grunt_temple_overflow_open, kennysheep_mini, nzn_wu_jian_council_hall,
          orc_0_dummy, serial_shops, nicolae_diamond_shop
D:10:     layout_basic, grunt_lair_entry_orc_guard_hut, uniq_nergalle
Temple:   jpeg_temple_alley_garden

Skill      XL: |  1  2  3  4  5  6  7  8  9 10 |
---------------+-------------------------------+-----
Axes           | 3 4 5 6 7 9 |  9.9
Dodging        | 3 |  3.7
Armour         | 1 2 3 4 6 7 9 |  9.2
Fighting       | 3 4 5 6 |  6.0
Invocations    | 3 5 7 |  7.4
Long Blades    | 2 |  2.8
Throwing       | |  1.7

Action                   |  1- 3 |  4- 6 |  7- 9 | 10-12 || total
-------------------------+-------+-------+-------+-------++-------
Melee: War axe           |    47 |    98 |   229 |   119 ||   493
       Long sword        |       |       |       |    62 ||    62
Invok: Minor Destruction |       |       |       |     1 ||     1
  Use: Scroll            |     6 |     6 |     3 |     5 ||    20
       Potion            |       |     2 |     2 |     8 ||    12
Armor: Leather armour    |    14 |       |       |       ||    14
       Scale mail        |     8 |    54 |       |       ||    62
       Plate armour      |       |    29 |   226 |   198 ||   453
Dodge: Dodged            |    21 |    42 |    79 |    77 ||   219

Table legend: (Time is in decaauts)
 A = Elapsed time spent in this place.
 B = Non-inter-level travel time spent in this place.
 C = Inter-level travel time spent in this place.
 D = Time resting spent in this place.
 E = Time spent auto-exploring this place.
 F = Levels seen in this place.
 G = Mean time per level.
                   A        B        C        D        E       F      G
               +--------+--------+--------+--------+--------+-----+--------+
         Total |  10501 |  10178 |    323 |   1301 |   7225 |  11 |  954.6 |
       Dungeon |  10213 |   9930 |    283 |   1301 |   7053 |  10 | 1021.3 |
        Temple |    288 |    248 |     40 |      0 |    172 |   1 |  288.0 |
               +--------+--------+--------+--------+--------+-----+--------+

Top non-repeatable levels by time:
     D:6: 2035 daAuts
     D:7: 1429 daAuts
     D:3: 1317 daAuts
     D:9: 1151 daAuts
     D:2: 1115 daAuts
     D:8: 1014 daAuts
     D:5: 848 daAuts
     D:1: 677 daAuts
     D:4: 480 daAuts
  Temple: 288 daAuts
    D:10: 143 daAuts
